[ AOE2 MATCH · #506239189 ]
UnrankedLithuanians vs Muisca
Rival team · LOSS
[ REPLAY ANALYSIS · EXTRACTED FROM THE RECORDED GAME ]
Feudal
9:16
Castle
21:14
Imperial
44:05
| APM avg | 52.7 |
| APM peak | 90 |
| eAPM avg | 28.2 |
| Villagers / military | 235 / 195 |
Focus
⚔️ 38.7% · 🌾 61.3%
Leitis ×129 · Hand Cannoneer ×40 · Bombard Cannon ×7 · Militia ×5 · Trebuchet (Packed) ×5 · Mangonel ×4
Feudal
10:36
Castle
14:15
Imperial
43:56
| APM avg | 54.6 |
| APM peak | 89 |
| eAPM avg | 24.9 |
| Villagers / military | 154 / 31 |
Focus
⚔️ 35.7% · 🌾 64.3%
Unknown (2586) ×111 · Unknown (2562) ×87 · Trade Cart ×13 · Battering Ram ×12 · Monk ×10 · Trebuchet (Packed) ×9
Match map
Initial resources + every placement click. Lines = walls · curves = elevation contours. ◆ gold · ⬟ stone · ● berries · ✦ relic · ◌ wall gap
Your base· ✓ Closed at 21:14 · 10t walls · no gate
STAND-BY's base· Open — 4t gap
Smoothed initial terrain · ◌ = detected wall gap · hover for details
Inputs per minute
— CNZS_98T - - STAND-BY
Build order — CNZS_98T
First 150 of 707 actions detected
| 0:01 | Create | Villager (Male) |
| 0:01 | Create | Villager (Male) |
| 0:01 | Create | Villager (Male) |
| 0:02 | Build | House |
| 0:03 | Create | Villager (Male) |
| 0:09 | Create | Villager (Male) |
| 0:09 | Create | Villager (Male) |
| 0:09 | Create | Villager (Male) |
| 0:10 | Create | Villager (Male) |
| 1:20 | Create | Villager (Male) |
| 1:20 | Create | Villager (Male) |
| 1:53 | Create | Villager (Male) |
| 1:53 | Create | Villager (Male) |
| 1:55 | Build | Lumber Camp |
| 2:21 | Create | Villager (Male) |
| 2:21 | Create | Villager (Male) |
| 2:21 | Create | Villager (Male) |
| 2:28 | Research | Loom |
| 2:35 | Build | House |
| 2:38 | Create | Villager (Male) |
| 2:47 | Create | Villager (Male) |
| 2:48 | Create | Villager (Male) |
| 2:48 | Create | Villager (Male) |
| 2:48 | Create | Villager (Male) |
| 2:53 | Build | House |
| 3:33 | Create | Villager (Male) |
| 3:35 | Create | Villager (Male) |
| 3:42 | Create | Villager (Male) |
| 3:42 | Create | Villager (Male) |
| 4:27 | Build | Mill |
| 4:51 | Create | Villager (Male) |
| 5:00 | Create | Villager (Male) |
| 5:50 | Build | House |
| 6:34 | Create | Villager (Male) |
| 7:01 | Research | Feudal Age |
| 7:04 | Build | Mining Camp |
| 8:08 | Build | House |
| 8:20 | Build | Barracks |
| 9:00 | Create | Militia |
| 9:00 | Create | Militia |
| 9:00 | Create | Militia |
| 9:14 | Build | Mining Camp |
| 9:16 | Age | Feudal Age |
| 9:16 | Create | Villager (Male) |
| 9:22 | Research | Double-Bit Axe |
| 9:23 | Research | Double-Bit Axe |
| 9:29 | Create | Villager (Male) |
| 9:35 | Research | Man-at-Arms (upgrade) |
| 9:47 | Create | Villager (Male) |
| 10:07 | Build | Watch Tower |
| 10:12 | Create | Villager (Male) |
| 10:31 | Create | Villager (Male) |
| 10:37 | Build | House |
| 10:38 | Build | House |
| 10:39 | Create | Villager (Male) |
| 11:04 | Create | Villager (Male) |
| 11:23 | Create | Villager (Male) |
| 11:35 | Build | Outpost |
| 11:38 | Create | Villager (Male) |
| 11:41 | Build | House |
| 11:47 | Build | Watch Tower |
| 11:49 | Create | Militia |
| 11:49 | Create | Militia |
| 12:29 | Create | Villager (Male) |
| 12:58 | Create | Villager (Male) |
| 13:10 | Create | Villager (Male) |
| 13:13 | Build | Market |
| 13:18 | Research | Arson |
| 13:19 | Research | Arson |
| 13:40 | Create | Villager (Male) |
| 13:50 | Build | Blacksmith |
| 14:12 | Create | Villager (Male) |
| 14:46 | Build | Watch Tower |
| 14:47 | Create | Villager (Male) |
| 15:15 | Build | Stone Wall |
| 15:17 | Build | Stone Wall |
| 15:18 | Build | Stone Wall |
| 15:19 | Build | Stone Wall |
| 15:20 | Build | Stone Wall |
| 15:23 | Build | Stone Wall |
| 15:24 | Build | Stone Wall |
| 15:25 | Build | Stone Wall |
| 15:26 | Build | Stone Wall |
| 15:42 | Create | Villager (Male) |
| 15:48 | Build | House |
| 15:48 | Build | Stone Wall |
| 16:00 | Build | Mining Camp |
| 16:12 | Build | Watch Tower |
| 16:14 | Create | Villager (Male) |
| 16:16 | Build | Farm |
| 16:18 | Build | Farm |
| 16:31 | Create | Villager (Male) |
| 16:34 | Build | Watch Tower |
| 16:41 | Build | Farm |
| 16:52 | Create | Villager (Male) |
| 17:04 | Build | Farm |
| 17:19 | Build | Mill |
| 17:54 | Build | Farm |
| 18:18 | Build | Farm |
| 18:19 | Build | Farm |
| 18:23 | Build | Farm |
| 18:32 | Build | Outpost |
| 18:34 | Research | Castle Age |
| 19:01 | Build | Mining Camp |
| 19:07 | Research | Fletching |
| 19:42 | Build | Stable |
| 19:45 | Build | Stable |
| 20:03 | Build | House |
| 20:05 | Build | House |
| 20:07 | Build | House |
| 20:32 | Research | Bloodlines |
| 20:32 | Research | Bloodlines |
| 21:14 | Age | Castle Age |
| 21:18 | Build | Castle |
| 21:26 | Create | Villager (Male) |
| 21:32 | Research | Bow Saw |
| 21:33 | Create | Villager (Male) |
| 21:59 | Build | Monastery |
| 22:04 | Create | Villager (Male) |
| 22:12 | Create | Villager (Male) |
| 22:17 | Build | Town Center |
| 22:25 | Create | Villager (Male) |
| 22:28 | Create | Leitis |
| 22:29 | Create | Leitis |
| 22:37 | Create | Villager (Male) |
| 22:42 | Create | Villager (Male) |
| 22:45 | Create | Leitis |
| 23:05 | Create | Villager (Male) |
| 23:13 | Create | Monk |
| 23:29 | Create | Villager (Male) |
| 23:36 | Create | Villager (Male) |
| 23:43 | Create | Villager (Male) |
| 23:50 | Build | Stone Wall |
| 24:05 | Create | Leitis |
| 24:05 | Create | Leitis |
| 24:16 | Create | Villager (Male) |
| 24:21 | Create | Villager (Male) |
| 24:31 | Build | Town Center |
| 24:33 | Create | Villager (Male) |
| 24:56 | Create | Villager (Male) |
| 24:59 | Build | Lumber Camp |
| 25:01 | Create | Villager (Male) |
| 25:02 | Build | House |
| 25:23 | Build | Monastery |
| 25:34 | Create | Villager (Male) |
| 25:39 | Create | Villager (Male) |
| 25:54 | Create | Villager (Male) |
| 25:55 | Create | Villager (Male) |
| 25:59 | Create | Villager (Male) |
| 26:06 | Build | Siege Workshop |
Build order — STAND-BY
First 150 of 473 actions detected
| 0:01 | Create | Villager (Male) |
| 0:03 | Build | House |
| 0:04 | Build | House |
| 0:22 | Create | Villager (Male) ×3 |
| 1:31 | Create | Villager (Male) |
| 1:53 | Build | Settlement |
| 1:59 | Create | Villager (Male) |
| 1:59 | Create | Villager (Male) |
| 2:45 | Create | Villager (Male) |
| 2:45 | Create | Villager (Male) |
| 3:16 | Create | Villager (Male) |
| 3:41 | Create | Villager (Male) |
| 4:22 | Build | Settlement |
| 4:35 | Build | Settlement |
| 4:41 | Create | Villager (Male) |
| 4:42 | Create | Villager (Male) |
| 4:45 | Build | Settlement |
| 5:08 | Create | Villager (Male) |
| 5:48 | Create | Villager (Male) |
| 6:13 | Create | Villager (Male) |
| 6:18 | Create | Villager (Male) |
| 6:23 | Create | Villager (Male) |
| 6:23 | Create | Villager (Male) |
| 6:38 | Create | Villager (Male) |
| 6:58 | Create | Villager (Male) |
| 7:42 | Research | Loom |
| 7:46 | Research | Loom |
| 8:12 | Research | Feudal Age |
| 9:14 | Build | Settlement |
| 10:05 | Create | Villager (Male) |
| 10:05 | Create | Villager (Male) |
| 10:36 | Age | Feudal Age |
| 10:41 | Build | Market |
| 10:43 | Build | Blacksmith |
| 11:20 | Build | House |
| 11:35 | Research | Castle Age |
| 12:10 | Create | Villager (Male) |
| 12:11 | Create | Villager (Male) |
| 13:15 | Build | Farm |
| 13:17 | Build | Farm |
| 13:29 | Build | Farm |
| 13:36 | Build | Farm |
| 13:39 | Build | Farm |
| 13:41 | Build | House |
| 14:07 | Build | Settlement |
| 14:15 | Age | Castle Age |
| 14:31 | Build | Castle |
| 14:36 | Build | Farm |
| 14:37 | Build | Farm |
| 14:40 | Build | Farm |
| 14:42 | Build | Farm |
| 14:46 | Build | Palisade Wall |
| 14:51 | Build | Palisade Wall |
| 15:00 | Build | Market |
| 15:05 | Create | Villager (Male) |
| 15:31 | Create | Villager (Male) |
| 15:41 | Build | Farm |
| 15:43 | Build | Farm |
| 15:49 | Create | Unit 2562 |
| 15:49 | Create | Unit 2562 |
| 16:03 | Build | Blacksmith |
| 16:08 | Create | Villager (Male) |
| 16:24 | Create | Unit 2562 |
| 16:24 | Create | Unit 2562 |
| 16:31 | Create | Villager (Male) |
| 16:47 | Create | Villager (Male) |
| 16:59 | Create | Unit 2562 |
| 17:12 | Create | Unit 2562 |
| 17:31 | Research | Fletching |
| 17:31 | Research | Fletching |
| 17:40 | Create | Unit 2562 |
| 17:40 | Create | Unit 2562 |
| 17:54 | Create | Unit 2562 |
| 18:17 | Create | Villager (Male) |
| 18:18 | Create | Villager (Male) |
| 18:19 | Create | Unit 2562 |
| 18:19 | Create | Unit 2562 |
| 18:25 | Build | Farm |
| 18:33 | Create | Villager (Male) |
| 18:36 | Build | Farm |
| 18:41 | Research | Double-Bit Axe |
| 18:59 | Create | Unit 2562 |
| 18:59 | Create | Unit 2562 |
| 19:08 | Create | Villager (Male) |
| 19:23 | Create | Unit 2562 |
| 19:33 | Build | Siege Workshop |
| 19:34 | Create | Villager (Male) |
| 19:36 | Create | Unit 2562 |
| 19:37 | Create | Unit 2562 |
| 20:17 | Create | Battering Ram |
| 20:17 | Create | Battering Ram |
| 20:19 | Build | House |
| 20:27 | Create | Unit 2562 |
| 20:28 | Create | Unit 2562 |
| 20:50 | Create | Unit 2562 |
| 20:53 | Research | Bodkin Arrow |
| 20:53 | Research | Bodkin Arrow |
| 21:02 | Create | Villager (Male) |
| 21:07 | Create | Unit 2562 |
| 21:08 | Create | Unit 2562 |
| 21:16 | Create | Battering Ram |
| 21:17 | Create | Battering Ram |
| 21:22 | Build | House |
| 21:27 | Create | Villager (Male) |
| 21:47 | Create | Unit 2562 |
| 21:47 | Create | Villager (Male) |
| 21:55 | Build | Farm |
| 21:57 | Build | Farm |
| 22:17 | Create | Villager (Male) |
| 22:37 | Create | Villager (Male) |
| 22:40 | Build | Monastery |
| 23:00 | Create | Villager (Male) |
| 23:03 | Create | Villager (Male) |
| 23:17 | Create | Unit 2562 |
| 23:18 | Create | Unit 2562 |
| 23:43 | Create | Villager (Male) |
| 23:45 | Create | Unit 2562 |
| 23:56 | Create | Unit 2562 |
| 24:28 | Build | Settlement |
| 24:30 | Create | Villager (Male) |
| 24:32 | Build | House |
| 24:33 | Build | House |
| 24:41 | Build | House |
| 24:42 | Build | House |
| 24:43 | Build | House |
| 24:49 | Create | Monk |
| 24:59 | Create | Battering Ram |
| 25:34 | Create | Monk |
| 25:51 | Create | Villager (Male) |
| 26:00 | Create | Battering Ram |
| 26:02 | Create | Villager (Male) |
| 26:09 | Build | Farm |
| 26:10 | Build | Farm |
| 26:33 | Research | Padded Archer Armor |
| 26:37 | Create | Unit 2562 |
| 26:37 | Create | Unit 2562 |
| 26:52 | Create | Villager (Male) |
| 27:04 | Create | Unit 2562 |
| 27:04 | Create | Unit 2562 |
| 27:08 | Create | Villager (Male) |
| 27:15 | Build | Settlement |
| 27:29 | Create | Villager (Male) |
| 27:31 | Create | Unit 2562 |
| 27:31 | Create | Unit 2562 |
| 27:32 | Build | House |
| 27:33 | Build | House |
| 28:08 | Create | Unit 2562 |
| 28:19 | Create | Battering Ram |
| 28:19 | Create | Battering Ram |
| 28:21 | Create | Villager (Male) |
Match timeline
| 8:20 | CNZS_98T · first_building Barracks |
| 9:16 | CNZS_98T · age_up feudal |
| 10:36 | STAND-BY · age_up feudal |
| 14:15 | STAND-BY · age_up castle |
| 14:31 | STAND-BY · first_building Castle |
| 14:46 | STAND-BY · wall_segment Palisade Wall x1 |
| 14:51 | STAND-BY · wall_segment Palisade Wall x1 |
| 15:15 | CNZS_98T · wall_segment Stone Wall x1 |
| 15:17 | CNZS_98T · wall_segment Stone Wall x1 |
| 15:18 | CNZS_98T · wall_segment Stone Wall x1 |
| 15:19 | CNZS_98T · wall_segment Stone Wall x1 |
| 15:20 | CNZS_98T · wall_segment Stone Wall x1 |
| 15:23 | CNZS_98T · wall_segment Stone Wall x1 |
| 15:24 | CNZS_98T · wall_segment Stone Wall x1 |
| 15:25 | CNZS_98T · wall_segment Stone Wall x1 |
| 15:26 | CNZS_98T · wall_segment Stone Wall x1 |
| 15:48 | CNZS_98T · wall_segment Stone Wall x1 |
| 16:46 | STAND-BY · first_market_sell 100 wood |
| 17:37 | CNZS_98T · first_market_buy 100 food |
| 18:00 | CNZS_98T · first_market_sell 100 stone |
| 19:33 | STAND-BY · first_building Siege Workshop |
| 19:42 | CNZS_98T · first_building Stable |
| 21:14 | CNZS_98T · age_up castle |
| 21:18 | CNZS_98T · first_building Castle |
| 21:59 | CNZS_98T · first_building Monastery |
| 22:40 | STAND-BY · first_building Monastery |
| 23:50 | CNZS_98T · wall_segment Stone Wall x1 |
| 26:06 | CNZS_98T · first_building Siege Workshop |
| 29:50 | STAND-BY · first_market_buy 100 stone |
| 31:18 | STAND-BY · wall_segment Palisade Wall x1 |
| 31:20 | STAND-BY · wall_segment Palisade Wall x1 |
| 31:21 | STAND-BY · wall_segment Palisade Wall x1 |
| 34:59 | CNZS_98T · wall_segment Stone Wall x9 |
| 41:06 | STAND-BY · wall_segment Stone Wall x6 |
| 41:11 | STAND-BY · wall_segment Stone Wall x3 |
| 41:13 | STAND-BY · wall_segment Stone Wall x5 |
| 41:15 | STAND-BY · wall_segment Stone Wall x2 |
| 43:01 | STAND-BY · first_building Barracks |
| 43:56 | STAND-BY · age_up imperial |
| 44:05 | CNZS_98T · age_up imperial |
| 48:53 | CNZS_98T · first_building Archery Range |
| 58:09 | STAND-BY · resign |
[ AI ANALYSIS · 1 CREDIT ]
What really happened in this match?
Wolo.gg analyzes every decision: build order, eco, micro, common mistakes by bracket. Personalized analysis on WhatsApp or Discord in 30 seconds.
Civ guide
Lithuanians
Perfil
Jugador #25365699